 Dungeon Crawl Stone Soup version 0.30-a0-140-gd1020e658a (webtiles) character file.

Game seed: 10586852315084043578

1744 themarg the Ducker (level 9, -9/55 HPs)
             Began as a Djinni Fire Elementalist on Sept 25, 2022.
             Mangled by Edmund
             ... wielding a +0 flail of protection
              (13 damage)
             ... on level 5 of the Dungeon.
             The game lasted 00:24:17 (6965 turns).

themarg the Ducker (Djinni Fire Elementalist)       Turns: 6965, Time: 00:24:17

Health: -9/55      AC:  3    Str:  7    XL:     9   Next: 26%
Gold:   577        EV: 15    Int: 21    God:
                   SH:  0    Dex: 14

rFire   + + +      SeeInvis .    a - staff of fire
rCold   x . .      Faith    .    (no shield)
rNeg    . . .      Spirit   .    w - +0 robe
rPois   ∞          Reflect  .    (no helmet)
rElec   .          Harm     .    (no cloak)
rCorr   .          Rampage  .    p - +0 pair of gloves
Will    .....                    (boots unavailable)
Stlth   +++.......               (no amulet)
HPRegen 0.18/turn                (no ring)
MPRegen 0.00/turn                (no ring)

@: flying, hasted, very quick
A: sickness immunity, fire resistance 2, cold vulnerability 1, float, innate
caster, HP casting, extra vitality 1
a: no special abilities


You were on level 5 of the Dungeon.
You visited 1 branch of the dungeon, and saw 5 of its levels.
You also visited: Ossuary.

You collected 577 gold pieces.

Inventory:

Hand Weapons
 b - the +8 morningstar "Unweu" {drain, *Noise rElec rPois Will+}
   (You found it on level 5 of the Dungeon)

   A truly terrible weapon, it drains the life of any living foe it strikes.
   rElec:     It insulates you from electricity.
   rPois:     It protects you from poison.
   *Noise:    It may make noises in combat.
   Will:      It increases your willpower.
 e - a +0 dagger
Missiles
 u - 5 poisoned darts
Armour
 p - a +0 pair of gloves (worn)
 w - a +0 robe (worn)
 J - the +1 leather armour of the Marlin {*Slow rElec Regen+}
   (You found it on level 5 of the Dungeon)

   rElec:     It insulates you from electricity.
   Regen:     It increases your rate of health regeneration.
   *Slow:     It may slow you when you take damage.
Magical Staves
 a - a staff of fire (weapon)
Jewellery
 A - an amulet of faith
 G - an amulet of the acrobat
Wands
 l - a wand of flame (24)
 v - a wand of roots (7)
 y - a wand of polymorph (12)
Scrolls
 h - 2 scrolls of poison
 k - 3 scrolls of vulnerability
 n - a scroll of immolation {unknown}
 r - a scroll of magic mapping {unknown}
 s - 2 scrolls of identify {unknown}
 x - 2 scrolls of teleportation {unknown}
 z - a scroll of fear {unknown}
 D - a scroll of amnesia {unknown}
 F - a scroll of acquirement {unknown}
 H - a scroll of enchant weapon {unknown}
 I - a scroll of blinking {unknown}
 K - a scroll of fog {unknown}
Potions
 c - 2 potions of magic {unknown}
 d - 5 potions of curing {unknown}
 f - 5 potions of haste
 g - a potion of ambrosia {unknown}
 i - 3 potions of lignification {unknown}
 j - 5 potions of degeneration {unknown}
 m - 5 potions of flight {unknown}
 o - 2 potions of resistance {unknown}
 q - a potion of mutation {unknown}
 t - a potion of might {unknown}
 B - 2 potions of invisibility {unknown}
 C - a potion of heal wounds {unknown}
 E - 3 potions of brilliance {unknown}


   Skills:
 + Level 7.4 Dodging
 + Level 6.1 Stealth
 + Level 5.5 Spellcasting


You couldn't memorise any spells.
You knew the following spells:

 Your Spells              Type           Power      Damage    Failure   Level
a - Foxfire               Conj/Fire      100%       2x1d9     1%          1
b - Scorch                Fire           86%        2d9       1%          2
c - Kindle Blastsparks    Fire/Tloc/Air  86%        2d17      3%          3
d - Inner Flame           Hex/Fire       43%        N/A       3%          3
e - Flame Wave            Conj/Fire      43%        2d11      11%         4
f - Beastly Appendage     Tmut           58%        N/A       1%          1
g - Blink                 Tloc           58%        N/A       1%          2
h - Stone Arrow           Conj/Erth      58%        3d10      3%          3
i - Portal Projectile     Hex/Tloc       58%        N/A       3%          3
Your spell library was empty.

Dungeon Overview and Level Annotations

Branches:
Dungeon (5/15)             Temple (0/1) D:5         Ossuary (visited)

Altars:
Nemelex Xobeh
Uskayaw
The Shining One

Shops:
D:1 [

Annotations:
D:4 1 transporter
D:5 4 runed translucent doors, exclusion: 2 doors, Edmund


Innate Abilities, Weirdness & Mutations

You are immune to sickness and miasma.
You are immune to poison.
Your flesh is very heat resistant. (rF++)
You are vulnerable to cold. (rC-)
You float through the air rather than walking.
You learn spells naturally, not from books.
Your magical power is your life essence.
You have superior vitality. (+4 MHP)


Message History

Your foxfire dissipates!
The foxfire hits Edmund but does no damage.
Casting: Foxfire (safe; 1% risk of failure)
Confirm with . or Enter, or press ? or * to list all spells.
You feel a surge of power!
Flames lash Edmund but do no damage.
Casting: Scorch (safe; 1% risk of failure)
Confirm with . or Enter, or press ? or * to list all spells.
You feel a surge of power!
Flames lash Edmund.
Edmund is moderately wounded.
Edmund's fire resistance burns away.
Edmund hits you with a +0 flail of protection!
Casting: Scorch (safe; 1% risk of failure)
Confirm with . or Enter, or press ? or * to list all spells.
Casting: Flame Wave (dangerous; 11% risk of failure)
Press: ? - help, Dir - look around, f - activate You feel a surge of power!
A wave of flame ripples out!
The flame wave engulfs Edmund but does no damage.
Edmund is moderately wounded. (Press . to intensify the flame waves.) Edmund barely misses you.
A wave of flame ripples out!
The flame wave engulfs Edmund but does no damage.
Edmund is moderately wounded.
Edmund hits you with a +0 flail of protection!
A wave of flame ripples out!
The flame wave engulfs Edmund.
Edmund is burned terribly!
Edmund is moderately wounded.
You finish channelling waves of flame.
Edmund hits you with a +0 flail of protection!
* * * LOW HITPOINT WARNING * * *
Edmund hits you with a +0 flail of protection!
* * * LOW HITPOINT WARNING * * *
The air fills with toxic fumes!
As you read the scroll of poison, it crumbles to dust.
Edmund barely misses you.
Edmund is no longer more vulnerable to fire.
Edmund attacks as you move away! Edmund closely misses you.
It was a potion of haste.
You feel yourself speed up.
Edmund hits you with a +0 flail of protection!
You die...

#.#.....................†........
#.###.#..#.#.#...................
#.# #.#..#............##########.
#.###.#..####.######### #.
#........# #.# #. #..##.#.#####.#
#. #..##.#.......# #.
#..##.##########################.
#..##...........@@§§§○§...<......
...##############################
#..# ####


You could see Edmund.

Vanquished Creatures
  A vampire mosquito (D:5)
  2 ice beasts (D:5)
  3 black bears (D:5)
  An ogre (D:4)
  A phantom (D:5)
  2 necrophages
  2 scorpions (D:5)
  A killer bee (D:5)
  A howler monkey (D:5)
  2 hounds (D:5)
  2 jellies (D:5)
  A gnoll bouda (D:5)
  Ijyb (D:4)
  5 iguanas
  2 orc wizards
  8 mummies (Ossuary)
  9 gnolls
  4 adders
  A white imp (D:5)
  3 worms
  6 dart slugs
  4 orcs
  6 ball pythons
  4 endoplasms
  2 giant cockroaches (D:1)
  2 gnoll zombies (Ossuary)
  3 goblins
  4 hobgoblins
  20 jackals
  8 kobolds
  3 quokkas
  9 bats
  3 frilled lizards
  2 hobgoblin zombies (Ossuary)
  A kobold zombie (Ossuary)
  3 orc zombies (Ossuary)
  2 rats
134 creatures vanquished.

Vanquished Creatures (others)
  269 foxfires
  A plant (D:5)
270 creatures vanquished.

Grand Total: 404 creatures vanquished

Notes
Turn   | Place    | Note
-------+----------+-------------------------------------------
     0 | D:1      | themarg the Djinni Fire Elementalist began the quest for
                  | the Orb.
     0 | D:1      | themarg set off with the following spells memorised:
                  | Foxfire, Scorch, Kindle Blastsparks, Inner Flame, Flame
                  | Wave.
     0 | D:1      | Reached XP level 1. HP: 15/15 MP: 0/0
    59 | D:1      | Reached XP level 2. HP: 13/21 MP: 0/0
   395 | D:1      | Found Vootiupn's Armour Shoppe.
   464 | D:1      | Reached XP level 3. HP: 22/25 MP: 0/0
   464 | D:1      | Learned a level 1 spell: Beastly Appendage
  1123 | D:1      | Reached skill level 3 in Dodging
  1188 | D:2      | Found a hide-covered altar of Uskayaw.
  1465 | D:2      | Reached XP level 4. HP: 27/31 MP: 0/0
  2026 | D:2      | You are sucked into a shaft and drop 1 floor!
  2169 | D:2      | Reached XP level 5. HP: 30/35 MP: 0/0
  2169 | D:2      | Learned a level 2 spell: Blink
  3532 | D:4      | Noticed an ogre
  3543 | D:4      | Killed an ogre
  3544 | D:4      | Reached skill level 4 in Dodging
  3544 | D:4      | Reached XP level 6. HP: 25/40 MP: 0/0
  3867 | D:4      | Noticed Ijyb
  3870 | D:4      | Killed Ijyb
  4075 | D:4      | Reached XP level 7. HP: 35/45 MP: 0/0
  4075 | D:4      | Learned a level 3 spell: Stone Arrow
  4201 | D:4      | Found a sparkling altar of Nemelex Xobeh.
  4201 | D:4      | Found a transporter.
  4335 | D:5      | Entered Level 5 of the Dungeon
  4344 | D:5      | Reached skill level 5 in Dodging
  4556 | D:5      | Found a glowing golden altar of the Shining One.
  4597 | D:5      | Found a sand-covered staircase.
  4601 | Ossuary  | Entered an ossuary
  5170 | D:5      | Reached XP level 8. HP: 42/50 MP: 0/0
  5650 | D:5      | Reached skill level 6 in Dodging
  5809 | D:5      | Found a large runed translucent door.
  5809 | D:5      | Found a large runed translucent door.
  5815 | D:5      | Reached skill level 5 in Stealth
  5950 | D:5      | Found a staircase to the Ecumenical Temple.
  5950 | D:5      | Noticed a wyvern
  5951 | D:5      | Noticed a two-headed ogre
  6000 | D:5      | Reached skill level 5 in Spellcasting
  6227 | D:5      | Identified the +8 morningstar "Unweu" {drain, *Noise rElec
                  | rPois Will+}
  6311 | D:5      | Identified the +1 leather armour of the Marlin {*Slow rElec
                  | Regen+}
  6323 | D:5      | Found a large runed translucent door.
  6324 | D:5      | Found a large runed translucent door.
  6354 | D:5      | Reached skill level 7 in Dodging
  6354 | D:5      | Reached XP level 9. HP: 51/55 MP: 0/0
  6354 | D:5      | Learned a level 3 spell: Portal Projectile
  6942 | D:5      | Noticed Edmund
  6956 | D:5      | HP: 2/55 [Edmund/+0 flail of protection (10)]
  6965 | D:5      | Mangled by Edmund

Illustrated notes

Levels and vault maps discovered:
D:1:      psy_arrival_heroes, layout_basic, serial_shops, nicolae_diamond_shop
D:2:      layout_basic, basic_altar, fountainhead, dk_noncrumbling_4
D:3:      layout_basic
D:4:      layout_cave_pools, grunt_nemelex_the_gamble, columned_hall_lemuel,
          uniq_ijyb
D:5:      layout_basic, tso_oasis_becter, minmay_temple_entry_statues_pillars,
          nicolae_ossuary_entry_plus, serial_glass, glass_columns_c,
          glass_columns_b, amethyst_killhole, minmay_hollow_rounded_squares,
          uniq_edmund

Skill      XL: |  1  2  3  4  5  6  7  8  9 |
---------------+----------------------------+-----
Stealth        | 2 3 4 5 6 |  6.1
Dodging        | 3 4 5 7 |  7.4
Spellcasting   | 3 4 5 |  5.5

Action                   |  1- 3 |  4- 6 |  7- 9 || total
-------------------------+-------+-------+-------++-------
Melee: Unarmed           |     2 |       |       ||     2
       Dagger            |       |     1 |       ||     1
       Staff             |       |       |     1 ||     1
 Cast: Foxfire           |    41 |    74 |    65 ||   180
       Scorch            |     9 |    34 |    62 ||   105
       Inner Flame       |       |       |     3 ||     3
       Kindle Blastspark |       |       |     3 ||     3
       Flame Wave        |       |       |     1 ||     1
  Use: Scroll            |       |     2 |     1 ||     3
       Potion            |       |       |     1 ||     1
Armor: Robe              |       |       |     2 ||     2
Dodge: Dodged            |     4 |     9 |    27 ||    40

Table legend: (Time is in decaauts)
 A = Elapsed time spent in this place.
 B = Non-inter-level travel time spent in this place.
 C = Inter-level travel time spent in this place.
 D = Time resting spent in this place.
 E = Time spent auto-exploring this place.
 F = Levels seen in this place.
 G = Mean time per level.
                   A        B        C        D        E       F      G
               +--------+--------+--------+--------+--------+-----+--------+
         Total |   6966 |   6910 |     56 |   2542 |   3178 |   6 | 1161.0 |
       Dungeon |   6518 |   6462 |     56 |   2286 |   3177 |   5 | 1303.6 |
       Ossuary |    447 |    447 |      0 |    256 |      1 |   1 |  447.0 |
               +--------+--------+--------+--------+--------+-----+--------+

Top non-repeatable levels by time:
     D:5: 1709 daAuts
     D:4: 1419 daAuts
     D:1: 1171 daAuts
     D:2: 1119 daAuts
     D:3: 1098 daAuts
 Ossuary: 447 daAuts
